[Event "Team 45 45 League T39"]
[Site "Internet Chess Club"]
[Date "2008.11.02"]
[Round "2"]
[White "BenjaminSisko"]
[Black "Rainbird"]
[Result "1-0"]
[WhiteElo "1601"]
[BlackElo "1840"]
[Opening "Réti opening"]
[ECO "A04"]
[Time "17:10:32"]
[TimeControl "2700+45"]

1. Nf3 e6 2. d3 d5 3. g3 Nf6 4. Bg2 c5 5. O-O Nc6 6. Nbd2 g6 7. e4 Bg7 8. Re1
dxe4 9. dxe4 O-O 10. h3 e5 11. Nc4 Qxd1 12. Rxd1 Nxe4 13. Nfxe5 Nxe5 14. Nxe5
Nxf2 15. Kxf2 Bxe5 16. c3 Rb8 17. Be3 b6 18. Rd5 Bc7 19. Rad1 Be6 20. R5d2 Rbd8
21. b3 Rxd2+ 22. Rxd2 Rd8 23. Rxd8+ Bxd8 24. Bf4 Bf6 25. c4 Bd4+ 26. Ke2 f6 27.
g4 Be5 28. Be3 Kf7 29. Kd3 f5 30. Bf3 f4 31. Bd2 Kf6 32. a3 h5 33. Ke4 hxg4 34.
hxg4 g5 35. Be2 Bf7 36. b4 cxb4 37. axb4 Ke6 38. c5 Bg6+ 39. Kf3 bxc5 40. bxc5
Bd4 41. Bc4+ Kd7 42. Bb5+ Kc7 43. Ba5+ Kb8 44. c6 Bb6 45. Bc3 Bc7 46. Bf6 a5 47.
Bxg5 Ka7 48. Bxf4 Bxf4 49. Kxf4 Kb6 50. Ba4 Kc7 51. Ke5 Be8 52. g5 Bxc6 53. Bxc6
Kxc6 54. g6 a4 55. g7 a3 56. g8=Q Kb5 57. Qb3+ {Black resigns} 1-0

[Event "Team 45 45 League T39"]
[Site "Internet Chess Club"]
[Date "2008.11.01"]
[Round "2"]
[White "tryanything"]
[Black "Luckydawg"]
[Result "1-0"]
[WhiteElo "1722"]
[BlackElo "1702"]
[Opening "Pirc: classical (two knights) system"]
[ECO "B08"]
[Time "03:28:51"]
[TimeControl "2700+45"]

1. d4 d6 2. e4 Nf6 3. Nc3 g6 4. Nf3 Bg7 5. Bc4 O-O 6. O-O Nxe4 7. Nxe4 d5 8.
Bxd5 Qxd5 9. Re1 Bg4 10. c3 Nd7 11. h3 Bxf3 12. Qxf3 c6 13. Bf4 Rae8 14. Nd2
Qxf3 15. Nxf3 h6 16. h4 f6 17. Re6 Rf7 18. Rae1 Nf8 19. R6e2 Nd7 20. Bd6 Bf8 21.
b4 Nb6 22. Nd2 e5 23. Bxf8 Kxf8 24. dxe5 Rfe7 25. e6 Nd5 26. Nc4 Nxc3 27. Rc2
Nd5 28. a3 Rxe6 29. Rxe6 Rxe6 30. g3 Ke7 31. Kg2 f5 32. Na5 Kd7 33. Nxb7 Kc7 34.
Nc5 Re1 35. b5 Ra1 36. a4 Nb6 37. Na6+ Kb7 38. Rxc6 Rxa4 39. Nc5+ {Black
resigns} 1-0

[Event "Team 45 45 League T39"]
[Site "Internet Chess Club"]
[Date "2008.11.03"]
[Round "2"]
[White "BrerRabbit"]
[Black "ChessChamp"]
[Result "1-0"]
[WhiteElo "1614"]
[BlackElo "1686"]
[Opening "English: symmetrical, Rubinstein system"]
[ECO "A15"]
[Time "19:01:59"]
[TimeControl "2700+45"]

1. c4 Nf6 2. g3 c5 3. Bg2 d5 4. cxd5 Nxd5 5. Nc3 Nc7 6. Nf3 Nc6 7. O-O e5 8. d3
Be7 9. Be3 O-O 10. Rc1 Rb8 11. Qa4 b5 12. Qc2 Nb4 13. Qb1 f6 14. Rfd1 Ne6 15.
Ne4 Nd4 16. Nxd4 cxd4 17. Bd2 Bg4 18. Re1 Rc8 19. Rxc8 Qxc8 20. Rc1 Qb8 21. h3
Bxe2 22. Nc5 Bxc5 23. Rxc5 Bxd3 24. Qd1 Na6 25. Rc6 Nc7 26. Bb4 Bc4 27. Bxf8
Kxf8 28. b3 Bd5 29. Rxc7 Bxg2 30. Qc1 Bxh3 31. Qc5+ Kg8 32. Qd5+ Kh8 33. Qf7 Qg8
34. Qe7 h6 35. f3 Bf5 36. Kf2 d3 37. Ke3 h5 38. Rxa7 Bg6 39. Rd7 Bf5 40. Rd8 g6
{Black resigns} 1-0

[Event "Team 45 45 League T39"]
[Site "Internet Chess Club"]
[Date "2008.11.02"]
[Round "2"]
[White "Gupta"]
[Black "bmw2002"]
[Result "1-0"]
[WhiteElo "1543"]
[BlackElo "1549"]
[Opening "King's Indian: Sämisch, orthodox variation"]
[ECO "E85"]
[Time "20:07:35"]
[TimeControl "2700+45"]

1. d4 Nf6 2. c4 g6 3. Nc3 Bg7 4. e4 d6 5. f3 O-O 6. Be3 e5 7. Nge2 Na6 8. g4 c6
9. h4 Ne8 10. h5 f5 11. h6 Bf6 12. gxf5 gxf5 13. Rg1+ Kh8 14. dxe5 Bxe5 15. Bd4
Qf6 16. Qd2 Be6 17. Bxe5 dxe5 18. O-O-O Bxc4 19. exf5 Nc5 20. Ng3 Bxf1 21. Rdxf1
Rd8 22. Qg2 Qxh6+ 23. Kb1 Rd2 24. Rf2 Rxf2 25. Qxf2 Nf6 26. Qxc5 Rd8 27. Qxe5
Re8 28. Qd4 Kg7 29. Nh5+ Kf7 30. Nxf6 Re2 31. Nce4 Qh2 32. Qd7+ Kf8 33. Qg7#
{Black checkmated} 1-0

[Event "Team 45 45 League T39"]
[Site "Internet Chess Club"]
[Date "2008.10.30"]
[Round "2"]
[White "Mudfrog"]
[Black "arconia"]
[Result "0-1"]
[WhiteElo "1445"]
[BlackElo "1353"]
[Opening "Sicilian: Taimanov variation"]
[ECO "B45"]
[Time "21:00:12"]
[TimeControl "2700+45"]

1. e4 c5 2. Nf3 Nc6 3. d4 cxd4 4. Nxd4 e6 5. Nc3 d6 6. Bc4 Be7 7. a3 Nf6 8. Be3
O-O 9. Qd2 a6 10. O-O Ne5 11. Be2 d5 12. f3 Ng6 13. Bg5 h6 14. Bxf6 Bxf6 15.
Rad1 e5 16. Nxd5 exd4 17. Nxf6+ Qxf6 18. Qxd4 Qg5 19. Qf2 Nf4 20. Kh1 f5 21.
Bc4+ Kh7 22. exf5 Bxf5 23. Qg3 Qxg3 24. hxg3 Nh5 25. Kh2 Bxc2 26. Rd2 Bg6 27. g4
Nf6 28. Kg3 b5 29. Bb3 Ne4+ 30. fxe4 Rxf1 31. Bd5 Raf8 32. e5 h5 33. gxh5 Bxh5
34. Be4+ Bg6 35. Bxg6+ Kxg6 36. Rd6+ Kf5 37. e6 Re8 38. Rxa6 Rxe6 39. Ra7 Rg6+
40. Kh2 Kg4 {White resigns} 0-1

[Event "Team 45 45 League T39"]
[Site "Internet Chess Club"]
[Date "2008.11.02"]
[Round "2"]
[White "rubo"]
[Black "C-Jones"]
[Result "0-1"]
[WhiteElo "1728"]
[BlackElo "1646"]
[Opening "Bird's opening"]
[ECO "A03"]
[Time "17:01:00"]
[TimeControl "2700+45"]

1. f4 d5 2. Nf3 Bg4 3. e3 Nc6 4. Bb5 Nf6 5. b3 a6 6. Bxc6+ bxc6 7. Bb2 e6 8. O-O
Be7 9. Qe1 c5 10. Ne5 Bf5 11. d3 O-O 12. Nd2 c4 13. bxc4 dxc4 14. Ndxc4 Bc5 15.
Qa5 Bb6 16. Nxb6 cxb6 17. Qa3 h6 18. c4 Ng4 19. e4 Ne3 20. Rf3 Nc2 21. Qc3 Bxe4
22. dxe4 Nxa1 23. Bxa1 f6 24. Rd3 Qc7 25. Rd7 Qc5+ 26. Kh1 fxe5 27. Qg3 g5 28.
h4 Rxf4 29. hxg5 Rf1+ 30. Kh2 Qg1+ 31. Kh3 Qh1+ 32. Kg4 Rf4+ 33. Qxf4 exf4 34.
Rg7+ Kf8 35. Be5 Qxg2+ 36. Kh5 hxg5 37. Rxg5 Qxe4 38. Bd6+ Kf7 39. Be5 Qh1+ 40.
Kg4 Rg8 41. Rxg8 Kxg8 42. Kxf4 Qc6 {White resigns} 0-1

[Event "Team 45 45 League T39"]
[Site "Internet Chess Club"]
[Date "2008.11.01"]
[Round "2"]
[White "rayngrant"]
[Black "PostMike"]
[Result "0-1"]
[WhiteElo "1572"]
[BlackElo "1608"]
[Opening "Sicilian: dragon, Yugoslav attack"]
[ECO "B75"]
[Time "10:00:50"]
[TimeControl "2700+45"]

1. e4 c5 2. Nf3 d6 3. d4 cxd4 4. Nxd4 Nf6 5. Nc3 g6 6. f3 Bg7 7. Be3 a6 8. Qd2
Nbd7 9. O-O-O b5 10. Nd5 Bb7 11. Nxf6+ Nxf6 12. Bh6 O-O 13. g4 Rc8 14. h4 Qb6
15. Bxg7 Kxg7 16. h5 Rh8 17. Qg5 Qc5 18. Nf5+ Kf8 19. Qh6+ Ke8 20. Ng7+ Kd7 21.
Bd3 g5 22. Nf5 Rcg8 23. Kb1 Ne8 24. Rhe1 e6 25. Nd4 Kc8 26. Nb3 Qe5 27. Na5 Qf6
28. Qxf6 Nxf6 29. Nxb7 Kxb7 30. e5 dxe5 31. Rxe5 h6 32. Be4+ Nxe4 33. Rxe4 Rd8
34. Red4 Kc7 35. Kc1 Rxd4 36. Rxd4 Rd8 37. Rxd8 Kxd8 38. Kd2 Kd7 39. Kd3 f5 40.
Kd4 Kd6 41. Ke3 fxg4 42. fxg4 Kd5 43. c3 a5 44. b3 b4 45. c4+ Ke5 46. c5 Kd5 47.
Kd3 Kxc5 48. Ke4 Kd6 49. Kd4 e5+ 50. Ke4 Ke6 51. Ke3 Kd5 52. Kd3 e4+ 53. Ke3 Ke5
{White resigns} 0-1

[Event "Team 45 45 League T39"]
[Site "Internet Chess Club"]
[Date "2008.10.31"]
[Round "2"]
[White "Majamutu"]
[Black "gezira"]
[Result "1-0"]
[WhiteElo "2076"]
[BlackElo "2247"]
[Opening "Sicilian: closed"]
[ECO "B23"]
[Time "17:00:09"]
[TimeControl "2700+45"]

1. e4 c5 2. Nc3 d6 3. f4 Nc6 4. Nf3 a6 5. a4 Nf6 6. Bc4 e6 7. d3 Be7 8. O-O O-O
9. Qe1 d5 10. Bb3 d4 11. Nd1 Na5 12. Ba2 b5 13. Bd2 b4 14. Nf2 Bb7 15. g4 Qc7
16. g5 Nh5 17. Nh3 g6 18. Qh4 Rad8 19. Ne5 Bd6 20. Ng4 c4 21. Nf6+ Nxf6 22. gxf6
Rfe8 23. Ng5 h5 24. Rae1 b3 25. Bxa5 Qxa5 26. cxb3 Bb4 27. Rd1 cxd3 28. Rxd3 Qb6
29. Bb1 a5 30. Bc2 Ba6 31. Bd1 e5 32. Bxh5 Qxf6 33. fxe5 Qh8 34. Qf4 Re7 35.
Nxf7 Qxh5 36. Nxd8 Rh7 37. Rdf3 Bxf1 38. Rxf1 Qh4 39. Ne6 {Black forfeits on
time} 1-0

[Event "Team 45 45 League T39"]
[Site "Internet Chess Club"]
[Date "2008.11.01"]
[Round "2"]
[White "cesaralexander"]
[Black "sorinc"]
[Result "1-0"]
[WhiteElo "1901"]
[BlackElo "1899"]
[Opening "Nimzo-Indian: classical variation"]
[ECO "E32"]
[Time "09:58:51"]
[TimeControl "2700+45"]

1. d4 Nf6 2. c4 e6 3. Nc3 Bb4 4. Qc2 O-O 5. a3 Bxc3+ 6. Qxc3 Ne4 7. Qc2 f5 8. e3
d5 9. Bd3 Nd7 10. Nh3 c5 11. Nf4 cxd4 12. Nxe6 Qf6 13. Nxf8 Nxf8 14. cxd5 dxe3
15. Bxe3 Bd7 16. Bxe4 fxe4 17. O-O Re8 18. Qc3 Qg6 19. Bd4 b6 20. Qg3 Qf7 21.
Rac1 Ng6 22. Rc7 Qxd5 23. Be3 a5 24. Rfc1 Rb8 25. Rxd7 {Black resigns} 1-0

[Event "Team 45 45 League T39"]
[Site "Internet Chess Club"]
[Date "2008.11.04"]
[Round "2"]
[White "mugurelt"]
[Black "frank001"]
[Result "0-1"]
[WhiteElo "1690"]
[BlackElo "1899"]
[Opening "Sicilian: Grand Prix attack"]
[ECO "B21"]
[Time "22:16:30"]
[TimeControl "2700+45"]

1. e4 c5 2. f4 e6 3. Nf3 d5 4. exd5 exd5 5. Bb5+ Nc6 6. O-O Bd6 7. d3 Ne7 8. Nc3
O-O 9. Bxc6 bxc6 10. Na4 Qc7 11. Nh4 Rb8 12. c3 Re8 13. d4 cxd4 14. cxd4 Ba6 15.
Rf3 Ng6 16. Nxg6 hxg6 17. Nc3 Re7 18. Qa4 Qb6 19. Nxd5 cxd5 20. Bd2 Bb5 21. Qd1
Qxd4+ 22. Kh1 Be2 23. Qc2 Bxf3 24. gxf3 Re2 25. Rd1 Qf2 {White resigns} 0-1

[Event "Team 45 45 League T39"]
[Site "Internet Chess Club"]
[Date "2008.10.31"]
[Round "2"]
[White "f5"]
[Black "BadHabitMarco"]
[Result "0-1"]
[WhiteElo "2148"]
[BlackElo "2022"]
[Opening "Sicilian: Canal-Sokolsky attack, Sokolsky variation"]
[ECO "B52"]
[Time "14:05:10"]
[TimeControl "2700+45"]

1. e4 c5 2. Nf3 d6 3. Bb5+ Bd7 4. Bxd7+ Qxd7 5. c4 Nc6 6. d4 cxd4 7. Nxd4 Nf6 8.
Nc3 e6 9. Be3 Be7 10. f3 O-O 11. Qd2 Rfd8 12. Rd1 d5 13. Nxc6 bxc6 14. e5 Ne8
15. O-O Qc7 16. cxd5 Qxe5 17. Bd4 Qc7 18. dxe6 c5 19. exf7+ Kxf7 20. Qc2 cxd4
21. Qb3+ Kf8 22. Nd5 Qe5 23. Nxe7 Qxe7 24. Rfe1 Qc5 25. Qd3 Nf6 26. Re6 Rab8 27.
Rxf6+ gxf6 28. Qxh7 d3+ 29. Kh1 d2 30. Qh8+ Ke7 31. Qg7+ Ke6 32. Qg4+ Kf7 33. h4
Rd5 34. Qf4 Re8 {White resigns} 0-1

[Event "Team 45 45 League T39"]
[Site "Internet Chess Club"]
[Date "2008.11.03"]
[Round "2"]
[White "Karpyan"]
[Black "pishd"]
[Result "1-0"]
[WhiteElo "1848"]
[BlackElo "1787"]
[Opening "Dutch defense, Rubinstein variation"]
[ECO "A40"]
[Time "15:33:50"]
[TimeControl "2700+45"]

1. d4 e6 2. c4 f5 3. Nc3 Nf6 4. g3 Bb4 5. Bg2 Bxc3+ 6. bxc3 d6 7. Nf3 O-O 8. O-O
Nc6 9. Bf4 Ne4 10. Qd3 g5 11. Bc1 Kh8 12. Nd2 Nxd2 13. Qxd2 Rg8 14. d5 Na5 15.
dxe6 Bxe6 16. Qd4+ Rg7 17. Bd5 Qg8 18. Bxg5 Rf8 19. Bh6 Bxd5 20. cxd5 b6 21.
Rae1 Qf7 22. Bxg7+ Qxg7 23. Qxg7+ Kxg7 24. e4 fxe4 25. Rxe4 Rf7 26. f4 Nb7 27.
Rfe1 Nc5 28. Re7 Kf8 29. Re8+ Kg7 30. R1e7 Na4 31. Rxf7+ Kxf7 32. Rc8 Kf6 33.
Rxc7 a5 34. Rc6 Kf5 35. Rxd6 Nxc3 36. Rxb6 Nxa2 37. Re6 a4 38. Re5+ Kf6 39. d6
Nb4 40. d7 Nc6 41. Rd5 Nd8 42. Ra5 Ke7 43. Rxa4 Nc6 44. d8=Q+ Kxd8 45. Ra8+ Ke7
46. Rh8 Nd4 47. Rxh7+ Kf6 48. Kf2 Kg6 49. Rd7 Nf5 50. g4 {Black resigns} 1-0

[Event "Team 45 45 League T39"]
[Site "Internet Chess Club"]
[Date "2008.11.01"]
[Round "2"]
[White "vaknight"]
[Black "fredd"]
[Result "1-0"]
[WhiteElo "1598"]
[BlackElo "1460"]
[Opening "Bird's opening"]
[ECO "A03"]
[Time "10:05:19"]
[TimeControl "2700+45"]

1. f4 d5 2. Nf3 Nf6 3. b3 g6 4. Bb2 Bg7 5. e3 O-O 6. Be2 Re8 7. O-O c5 8. Na3
Nc6 9. Ne5 d4 10. Bb5 a6 11. Nxc6 bxc6 12. Bxc6 Bd7 13. Bxa8 Qxa8 14. Nc4 Bc6
15. Qe2 Ne4 16. d3 Nd6 17. Nxd6 exd6 18. e4 f5 19. Qd2 fxe4 20. dxe4 Bxe4 21.
Rae1 Qd5 22. Rf2 Rf8 23. Qe2 Re8 24. Qxa6 Qf5 25. Qxd6 Bf8 26. Qa6 Bb7 27. Qc4+
Bd5 28. Qf1 Rxe1 29. Qxe1 Qh5 30. Qe5 Qd1+ 31. Rf1 Qd2 32. Qxd5+ Kh8 33. Qe5+
Bg7 34. Qe8+ {Black resigns} 1-0

[Event "Team 45 45 League T39"]
[Site "Internet Chess Club"]
[Date "2008.11.02"]
[Round "2"]
[White "AtomicDog"]
[Black "SeniorCitizen"]
[Result "1-0"]
[WhiteElo "1577"]
[BlackElo "1376"]
[Opening "French: Tarrasch, open variation"]
[ECO "C07"]
[Time "13:00:10"]
[TimeControl "2700+45"]

1. e4 e6 2. d4 d5 3. Nd2 c5 4. exd5 cxd4 5. Bb5+ Bd7 6. Bxd7+ Qxd7 7. Ngf3 Qxd5
8. O-O Bc5 9. Nb3 Nc6 10. Nxc5 Qxc5 11. Bf4 Nf6 12. Qe2 O-O 13. Rad1 Rfe8 14. c3
dxc3 15. Bd6 Qa5 16. bxc3 Qxc3 17. Rc1 Qa5 18. Rc5 Qd8 19. Rd1 Qc8 20. Rdc1 Qd7
21. Be5 Nxe5 22. Nxe5 Qe7 23. Rc7 Qb4 24. Nxf7 b6 25. Qf3 Qe4 26. Qc3 Nd5 27.
Nh6+ gxh6 28. Qg7# {Black checkmated} 1-0

[Event "Team 45 45 League T39"]
[Site "Internet Chess Club"]
[Date "2008.11.02"]
[Round "2"]
[White "gaboonzoom"]
[Black "conron"]
[Result "1-0"]
[WhiteElo "1499"]
[BlackElo "1337"]
[Opening "Ruy Lopez: closed (10...c5)"]
[ECO "C96"]
[Time "18:01:55"]
[TimeControl "2700+45"]

1. e4 e5 2. Nf3 Nc6 3. Bb5 a6 4. Ba4 Nf6 5. O-O Be7 6. Re1 b5 7. Bb3 d6 8. c3
O-O 9. h3 Na5 10. Bc2 c5 11. d4 cxd4 12. cxd4 exd4 13. Nxd4 Bb7 14. Nc3 Qc7 15.
Nf5 Rfe8 16. Qf3 b4 17. Nb1 Qxc2 18. Qg3 g6 19. Bh6 Bxe4 20. Nxe7+ Rxe7 21. f3
Qxb2 22. Qxd6 Qe5 23. Qb6 Qxa1 24. Qxa5 Qd4+ 25. Kh1 Qf2 26. Qxb4 Rae8 27. fxe4
Rxe4 28. Rxe4 {Black forfeits on time} 1-0

[Event "Team 45 45 League T39"]
[Site "Internet Chess Club"]
[Date "2008.11.06"]
[Round "2"]
[White "rshea11"]
[Black "chips"]
[Result "1-0"]
[WhiteElo "1352"]
[BlackElo "1177"]
[Opening "QGD: Marshall defense"]
[ECO "D06"]
[Time "19:07:06"]
[TimeControl "2700+45"]

1. d4 d5 2. c4 Nf6 3. cxd5 Nxd5 4. e4 Nb6 5. Nf3 e6 6. Bb5+ Bd7 7. Nc3 Bb4 8.
Bxd7+ Qxd7 9. Bd2 Nc4 10. Qb3 Nxd2 11. Qxb4 Nxf3+ 12. gxf3 b6 13. Rd1 Nc6 14.
Qa3 Qe7 15. Qa4 Qd7 16. d5 Ne5 17. Qxd7+ Nxd7 18. dxe6 fxe6 19. Nb5 Kd8 20. Rg1
g6 21. Rg5 Re8 22. f4 Re7 23. Kf1 a6 24. Nd4 Ke8 25. f5 Nf8 26. f6 Rf7 27. e5
Nd7 28. Nxe6 {Black resigns} 1-0

[Event "Team 45 45 League T39"]
[Site "Internet Chess Club"]
[Date "2008.10.31"]
[Round "2"]
[White "scottrugby"]
[Black "Just-Jim"]
[Result "0-1"]
[WhiteElo "1542"]
[BlackElo "1424"]
[Opening "Scotch gambit"]
[ECO "C44"]
[Time "14:52:38"]
[TimeControl "2700+45"]

1. e4 e5 2. Nf3 Nc6 3. d4 exd4 4. Bc4 h6 5. Nxd4 Ne5 6. Bb3 d6 7. O-O Nf6 8. Nc3
c5 9. Nde2 Bd7 10. Nf4 c4 11. Ba4 Bxa4 12. Nxa4 Qd7 13. Nc3 Be7 14. Nfd5 O-O-O
15. Bf4 g5 16. Be3 Kb8 17. Nxe7 Qxe7 18. Qd4 b6 19. Nd5 Nxd5 20. Qxd5 Ng4 21.
Bd4 Rhg8 22. f3 Nf6 23. Qxc4 Rc8 24. Qd3 Nh5 25. Be3 Ng7 26. Rad1 Rgd8 27. c4
Ne6 28. b3 Nc5 29. Qc3 Rd7 30. b4 Na6 31. a3 Rdc7 32. Rc1 Rxc4 33. Qg7 Rxc1 34.
Rxc1 Rxc1+ 35. Bxc1 Qe6 36. Qf8+ Kb7 37. h3 Nc7 38. Bb2 Qb3 39. Bg7 h5 40. Qxd6
Qxa3 41. Be5 Qc1+ 42. Kh2 g4 43. hxg4 hxg4 44. Bf4 Qc3 45. Qd5+ Nxd5 46. exd5
gxf3 47. gxf3 Qxf3 {White resigns} 0-1

[Event "Team 45 45 League T39"]
[Site "Internet Chess Club"]
[Date "2008.11.01"]
[Round "2"]
[White "forsyth"]
[Black "LIVVI"]
[Result "0-1"]
[WhiteElo "1391"]
[BlackElo "1518"]
[Opening "Caro-Kann: advance variation"]
[ECO "B12"]
[Time "11:03:07"]
[TimeControl "2700+45"]

1. e4 c6 2. d4 d5 3. e5 Bf5 4. Bd3 Qc8 5. Nf3 Bxd3 6. Qxd3 e6 7. O-O Ne7 8. Nbd2
Nd7 9. Nb3 Ng6 10. h4 Be7 11. h5 Ngf8 12. Bd2 c5 13. dxc5 Nxc5 14. Nxc5 Qxc5 15.
Be3 Qc7 16. a4 Nd7 17. Bf4 O-O 18. h6 g6 19. Rfe1 Rfc8 20. Re2 Qc4 21. Qd2 Qb4
22. Qxb4 Bxb4 23. Bg5 Bc5 24. Nh2 Rc6 25. Ng4 Rac8 26. Rc1 Bb6 27. Kh1 Rc4 28.
Nf6+ Nxf6 29. Bxf6 Rxa4 30. b3 Re4 31. Rd2 Bd8 32. Bxd8 Rxd8 33. c4 Rh4+ 34. Kg1
Rxh6 35. cxd5 Rh4 36. Rc4 Rxc4 37. bxc4 exd5 38. cxd5 Kf8 39. d6 Ke8 40. Rc2 Kd7
41. Rc7+ Ke6 42. f4 f6 43. Re7+ Kf5 44. g4+ Kxf4 45. exf6 Rxd6 46. f7 Rf6 47.
Rxb7 Kxg4 48. Rxa7 h5 49. Kg2 h4 50. Ra4+ Kh5 51. Ra7 g5 52. Re7 Kg6 53. Re6
Kxf7 54. Rxf6+ Kxf6 55. Kh3 Kf5 56. Kg2 Kg4 57. Kf2 Kh3 58. Kg1 g4 59. Kh1 g3
60. Kg1 Kg4 61. Kf1 Kf3 62. Kg1 g2 {White resigns} 0-1

[Event "Team 45 45 League T39"]
[Site "Internet Chess Club"]
[Date "2008.11.02"]
[Round "2"]
[White "rd00d"]
[Black "Conjurer"]
[Result "0-1"]
[WhiteElo "1237"]
[BlackElo "1387"]
[Opening "Queen's Indian: Petrosian system"]
[ECO "E00"]
[Time "20:59:29"]
[TimeControl "2700+45"]

1. d4 Nf6 2. c4 e6 3. a3 b6 4. Nf3 Bb7 5. Nc3 Be7 6. e3 O-O 7. Bd3 d5 8. cxd5
Nxd5 9. O-O Nd7 10. e4 N5f6 11. Re1 Re8 12. e5 Nd5 13. Qc2 Nf8 14. Nxd5 Bxd5 15.
Be4 c5 16. Rd1 c4 17. Bxd5 Qxd5 18. Be3 b5 19. Nd2 Ng6 20. Ne4 Rf8 21. Nc3 Qc6
22. b3 Nh4 23. f3 Rad8 24. bxc4 bxc4 25. Na4 Nf5 26. Bf2 Bg5 27. Nc5 Be3 28.
Qxc4 Bxf2+ 29. Kxf2 Rd5 30. g4 Nh4 31. Rd3 Qb6 32. Rb3 Qa5 33. Kg3 Ng6 34. Qb4
Qd8 35. Rd1 Qh4+ 36. Kg2 Nf4+ 37. Kf1 Qh3+ 38. Kf2 Qxh2+ 39. Ke3 Ng2+ 40. Kd3
Nf4+ 41. Kc4 Qe2+ 42. Rdd3 Nxd3 43. Rxd3 Qc2+ 44. Rc3 Qf2 45. Rd3 Rfd8 46. Kc3
Qe1+ 47. Kb3 Qb1+ 48. Kc4 Qc2+ 49. Qc3 Qa2+ 50. Qb3 Qe2 51. Kc3 Rxc5+ 52. dxc5
Rxd3+ {White resigns} 0-1

[Event "Team 45 45 League T39"]
[Site "Internet Chess Club"]
[Date "2008.10.29"]
[Round "2"]
[White "Traho"]
[Black "goldengel"]
[Result "0-1"]
[WhiteElo "1249"]
[BlackElo "1332"]
[Opening "Réti: old Indian attack"]
[ECO "A06"]
[Time "16:01:19"]
[TimeControl "2700+45"]

1. Nf3 d5 2. d3 c6 3. g3 Bg4 4. Bg2 Nd7 5. O-O e5 6. Nbd2 Bd6 7. c3 Ne7 8. Re1
O-O 9. h3 Bxf3 10. Bxf3 Re8 11. e4 Rc8 12. b4 b5 13. exd5 cxd5 14. Bb2 Nb6 15.
Rc1 Na4 16. Ba1 a5 17. a3 axb4 18. cxb4 Rxc1 19. Qxc1 f6 20. Nb3 Qb8 21. Bd1 Rc8
22. Qd2 Qa7 23. d4 e4 24. Be2 Nb6 25. Rc1 Qxa3 26. Rxc8+ Nexc8 27. Qc1 Qxb3 28.
Bd1 Qxb4 29. Qc6 Qe1+ 30. Kg2 Qxd1 31. Qe8+ Bf8 32. Qe6+ Kh8 33. Qe8 Qf3+ 34.
Kf1 Qd1+ 35. Kg2 h6 36. Qxf8+ Kh7 37. Qf7 Qxa1 38. Qe6 Qxd4 39. Qf5+ Kg8 40.
Qe6+ Kf8 41. Qf5 e3 42. Qh7 Qe4+ {White resigns} 0-1

[Event "Team 45 45 League T39"]
[Site "Internet Chess Club"]
[Date "2008.10.31"]
[Round "2"]
[White "alaskauk"]
[Black "AlPearson"]
[Result "1-0"]
[WhiteElo "1529"]
[BlackElo "1440"]
[Opening "Alekhine's defense"]
[ECO "B03"]
[Time "10:06:38"]
[TimeControl "2700+45"]

1. e4 Nf6 2. e5 Nd5 3. d4 d6 4. exd6 cxd6 5. Nf3 Bg4 6. Be2 e6 7. c4 Nb6 8. Qb3
Be7 9. O-O O-O 10. Rd1 Qc7 11. Nbd2 a5 12. Qc2 Nc6 13. c5 Nd5 14. Ng5 Bxg5 15.
Bxg4 Nxd4 16. Qd3 dxc5 17. Qh3 Rad8 18. Ne4 Bxc1 19. Raxc1 Nf4 20. Qe3 f5 21.
Rxd4 Rxd4 22. Qxd4 cxd4 23. Rxc7 fxg4 24. Rxb7 Rd8 25. Kf1 d3 26. Nd2 Kf8 27. g3
Nh3 28. a4 Ng5 29. Rb5 Nf3 30. Nxf3 gxf3 31. Ke1 Rc8 32. Rb3 Rc1+ 33. Kd2 Rc2+
34. Kxd3 Rxf2 35. Ke3 Rxh2 36. Kxf3 Kf7 37. Rb5 Kf6 38. Rxa5 Rxb2 39. Ra7 Ra2
40. a5 h5 41. a6 Ra4 42. Ra8 Kf7 43. a7 e5 44. Ke3 g6 45. Rh8 Rxa7 46. Rh7+ Kf6
47. Rxa7 Kg5 48. Ra4 Kf5 49. Rb4 g5 50. Kf3 g4+ 51. Ke3 Kg5 52. Rb5 Kf6 53. Ke4
Ke6 54. Rxe5+ Kf6 55. Rxh5 Kg6 56. Rd5 Kf6 57. Rd6+ Kg5 58. Ke5 Kh5 59. Rd8 Kg5
60. Rg8+ Kh5 61. Kf6 Kh6 62. Rh8# {Black checkmated} 1-0

[Event "Team 45 45 League T39"]
[Site "Internet Chess Club"]
[Date "2008.11.01"]
[Round "2"]
[White "SCUGrad"]
[Black "medsurg"]
[Result "1/2-1/2"]
[WhiteElo "1431"]
[BlackElo "1464"]
[Opening "Giuoco Piano"]
[ECO "C54"]
[Time "19:56:29"]
[TimeControl "2700+45"]

1. e4 e5 2. Nf3 Nc6 3. Bc4 Bc5 4. c3 Nf6 5. d4 exd4 6. cxd4 Bb4+ 7. Bd2 Bxd2+ 8.
Nbxd2 d6 9. O-O O-O 10. Re1 Bg4 11. a3 a6 12. Qc2 d5 13. exd5 Nxd5 14. Ne5 Nxe5
15. dxe5 Be6 16. Rad1 Qg5 17. Nf3 Qd8 18. Qb3 c6 19. Qxb7 Rb8 20. Qxc6 Rxb2 21.
Bxd5 Bxd5 22. Rxd5 Qa8 23. Qxa8 Rxa8 24. Red1 Rbb8 25. g3 h6 26. Nd4 Kh7 27. Nc6
Rb2 28. Ra5 f5 29. Re1 Rf8 30. e6 f4 31. Rae5 fxg3 32. R1e2 gxf2+ 33. Rxf2 Rfxf2
34. e7 Rg2+ 35. Kf1 Rxh2 36. Kg1 Rbg2+ 37. Kf1 Rb2 38. Kg1 Rbg2+ 39. Kf1 Rb2
{Game drawn by repetition} 1/2-1/2

[Event "Team 45 45 League T39"]
[Site "Internet Chess Club"]
[Date "2008.11.03"]
[Round "2"]
[White "malihini"]
[Black "havertown"]
[Result "0-1"]
[WhiteElo "1253"]
[BlackElo "1411"]
[Opening "two knights defense: Fegatello attack"]
[ECO "C57"]
[Time "17:55:28"]
[TimeControl "2700+45"]

1. e4 e5 2. Nf3 Nc6 3. Bc4 Nf6 4. Ng5 d5 5. exd5 Nxd5 6. Nxf7 Kxf7 7. Qf3+ Ke6
8. Nc3 Nb4 9. Bb3 c6 10. a3 Na6 11. Qe4 Nc5 12. Qg4+ Kd6 13. Ne4+ Kc7 14. Qg3
Qe8 15. Nxc5 Bxc5 16. Qxg7+ Ne7 17. Qxe5+ Bd6 18. Qe2 Bf5 19. d3 h5 20. Be6 Qg6
21. Bxf5 Nxf5 22. O-O Rhg8 23. g3 Nd4 24. Qe4 Qf6 25. Qh7+ Rg7 26. Qxh5 Nxc2 27.
Rb1 Nd4 28. Be3 Nf3+ 29. Kg2 Nh4+ 30. Kh3 Nf5 31. Qe2 Rh8+ 32. Kg2 b6 33. Bd2
Be5 34. Qxe5+ Qxe5 35. Bc3 Nd4 36. Rbe1 Qd5+ 37. f3 Rgh7 38. Rh1 Rf8 {White
resigns} 0-1

[Event "Team 45 45 League T39"]
[Site "Internet Chess Club"]
[Date "2008.10.31"]
[Round "2"]
[White "Esslinger"]
[Black "otib2006"]
[Result "1-0"]
[WhiteElo "1141"]
[BlackElo "1342"]
[Opening "King's Indian: 6.Be2"]
[ECO "E91"]
[Time "10:12:56"]
[TimeControl "2700+45"]

1. d4 Nf6 2. c4 g6 3. Nc3 Bg7 4. Nf3 O-O 5. e4 d6 6. Be2 Bd7 7. Bf4 Nc6 8. Qd2
a6 9. Bh6 a5 10. Bxg7 Kxg7 11. O-O Nb4 12. a3 Na6 13. Rad1 Rh8 14. e5 Ng4 15. h3
Nh6 16. Qf4 Bf5 17. g4 Be6 18. d5 Bc8 19. Rfe1 Ng8 20. Ng5 f6 21. exf6+ exf6 22.
Qd4 h6 23. Nf3 Kf7 24. Bd3 f5 25. Qxh8 fxg4 26. Qh7+ Kf8 27. Bxg6 Qd7 28. Re8+
Qxe8 29. Bxe8 Kxe8 30. Qxg8+ Ke7 31. Re1+ Kf6 32. Qf8+ Kg6 33. hxg4 Nc5 34. Qg8+
Kf6 35. Re8 Nd3 36. Qf8+ Kg6 37. Re7 Ne5 38. Qg7# {Black checkmated} 1-0

[Event "Team 45 45 League T39"]
[Site "Internet Chess Club"]
[Date "2008.10.31"]
[Round "2"]
[White "littleboo"]
[Black "ErycC"]
[Result "1/2-1/2"]
[WhiteElo "1515"]
[BlackElo "1524"]
[Opening "French: exchange variation"]
[ECO "C01"]
[Time "13:00:10"]
[TimeControl "2700+45"]

1. e4 e6 2. d4 d5 3. exd5 exd5 4. Nf3 Nf6 5. Nc3 Bb4 6. Bd3 O-O 7. O-O Bg4 8. h3
Bxf3 9. Qxf3 c6 10. Bf4 Re8 11. Rfe1 Nbd7 12. Rxe8+ Qxe8 13. Bd2 Qd8 14. a3 Bd6
15. Na4 Qc7 16. Re1 Re8 17. Rxe8+ Nxe8 18. c4 dxc4 19. Bxc4 Nef6 20. Bb3 Nb6 21.
Nc3 Qe7 22. Be3 Kf8 23. Ba2 Kg8 24. b4 Kf8 25. g3 Qd7 26. g4 Bc7 27. b5 Nbd5 28.
bxc6 bxc6 29. Nxd5 cxd5 30. Bf4 Bxf4 31. Qxf4 h6 32. Qe5 Nxg4 33. hxg4 Qxg4+ 34.
Kf1 Qd1+ 35. Kg2 Qg4+ 36. Kf1 Qd1+ 37. Kg2 Qg4+ 38. Kf1 Qd1+ {Game drawn by
repetition} 1/2-1/2